 Dungeon Crawl Stone Soup version 0.31-a0-986-g5e6e4ef867 (webtiles) character file.

Game seed: 12095237962323621541

65 croobank the Sneak (level 3, -1/31 HPs)
             Began as a Demigod Delver on Nov 4, 2023.
             Slain by a gnoll
             ... wielding a +0 spear
             ... led by a gnoll bouda
              (5 damage)
             ... on level 4 of the Dungeon.
             The game lasted 00:01:59 (201 turns).

croobank the Sneak (Demigod Delver)                  Turns: 201, Time: 00:01:59

Health: -1/31      AC:  3    Str: 13    XL:     3   Next: 67%
Magic:  5/5        EV: 12    Int: 16    God:
Gold:   0          SH:  0    Dex: 15    Spells: 2/2 levels left

rFire   . . .        a - +0 short sword
rCold   . . .        (no shield)
rNeg    . . .        b - +0 leather armour
rPois   .            (no helmet)
rElec   .            (no cloak)
rCorr   .            (no gloves)
SInv    .            (no boots)
Will    .....        (no amulet)
Stlth   +++          (no ring)
HPRegen 0.25/turn    (no ring)
MPRegen 0.09/turn

%: no passive effects
@: no status effects
A: high MP 1, forlorn, divine attributes
a: no special abilities


You were on level 4 of the Dungeon.
You visited 1 branch of the dungeon, and saw 3 of its levels.

Inventory:

Hand Weapons
 a - a +0 short sword (weapon)
Armour
 b - a +0 leather armour (worn)
 e - a +0 ring mail
Wands
 g - a wand of digging (3)
 h - a wand of acid (8)
Scrolls
 c - a scroll of fog
 f - a scroll of noise {unknown}
Potions
 d - a potion of degeneration {unknown}


   Skills:
 + Level 3.2 Fighting
 + Level 2.4 Short Blades
 + Level 2.4 Dodging
 + Level 4.9 Stealth


You had 2 spell levels left.
You didn't know any spells.
Your spell library was empty.

Dungeon Overview and Level Annotations

Branches:
Dungeon (6/15)             Temple (0/1) D:4

Annotations:
D:5 Edmund


Innate Abilities, Weirdness & Mutations

You have an increased reservoir of magic. (+10% MP)
You shall have no god before yourself.
Your divine heritage dramatically boosts your attributes as you level up.


Message History

You hit the sleepcap.
You destroy the sleepcap!
You have reached level 3!
Your experience leads to a dramatic increase in your attributes!
Increase (S)trength, (I)ntelligence, or (D)exterity?
You feel clever. x4
Aiming: Corrosive Bolt
Press: ? - help, Shift-Dir - straight line, f - gnoll
Aim: a gnoll, wielding a +0 flail (75% to hit)
The bolt of acid hits the gnoll!
The acid corrodes the gnoll!
The gnoll is almost dead.
You hear a shout!
The gnoll hits you with a +0 flail.
You closely miss the gnoll.
The gnoll is almost dead.
The gnoll hits you with a +0 flail! The gnoll completely misses you.
Aiming: Corrosive Bolt
Press: ? - help, Shift-Dir - straight line, f/p - gnoll
Aim: a gnoll, wielding a +0 flail (almost dead, covered in acid, 75% to hit)
The bolt of acid hits the gnoll!!
The gnoll seems to be corroded for longer.
You kill the gnoll!
You hear the slow rusting of a very distant drain.
The gnoll hits you from afar with a +0 spear!
* * * LOW HITPOINT WARNING * * *
A gnoll bouda comes into view. It is wielding a +0 club.
Aiming: Corrosive Bolt
Press: ? - help, Shift-Dir - straight line, f - gnoll
Aim: a gnoll, wielding a +0 spear (75% to hit)
The bolt of acid misses the gnoll.
The gnoll hits you from afar with a +0 spear.
* * * LOW HITPOINT WARNING * * *
A gnoll comes into view. It is wielding a +0 club.
Aiming: Corrosive Bolt
Press: ? - help, Shift-Dir - straight line, f/p - gnoll
Aim: a gnoll, wielding a +0 spear (75% to hit)
The bolt of acid hits the gnoll!
The gnoll is almost dead.
The gnoll hits you from afar with a +0 spear.
You die...

..#..........####
###..............
#.##.........###
..##.........#
#.##...†.....#
#.##.........# .
..##.>.......# ...
............########.....
###########.....@)gg..g..
##########...g. ... .


You could see a gnoll bouda and 3 gnolls.

Vanquished Creatures
  A sleepcap (D:4)
  An iguana (D:4)
  A gnoll (D:4)
  An orc (D:4)
  2 ball pythons (D:4)
6 creatures vanquished.

Notes
Turn   | Place    | Note
-------+----------+-------------------------------------------
     0 | D:5      | croobank the Demigod Delver began the quest for the Orb.
     0 | D:5      | Reached XP level 1. HP: 18/18 MP: 3/3
     1 | D:6      | Noticed a water moccasin
     1 | D:6      | Noticed a black bear
     4 | D:5      | Noticed Edmund
    16 | D:6      | Noticed a hound
    18 | D:6      | Noticed an iguana
    18 | D:6      | Noticed a sky beast
    33 | D:6      | Noticed an orc wizard
   117 | D:4      | Found a staircase to the Ecumenical Temple.
   185 | D:4      | Noticed a sleepcap
   187 | D:4      | Noticed an iguana
   189 | D:4      | Killed an iguana
   190 | D:4      | Reached XP level 2. HP: 26/26 MP: 4/4
   196 | D:4      | Reached XP level 3. HP: 31/31 MP: 5/5
   201 | D:4      | Slain by a gnoll

Illustrated notes

Levels and vault maps discovered:
D:4:      layout_rooms, gammafunk_temple_overflow_forgotten,
          minmay_temple_entry_glassed_door, gup_sewer_entry_spiral,
          minmay_misc_feat_five, serial_bayou_crossing, uniq_ijyb, uniq_duvessa
D:5:      layout_loops_ring, ebering_ghost_sewer_d, minmay_misc_feat_square,
          minmay_ogre_servants, uniq_edmund
D:6:      layout_cave_pools, pdpol_wu_jian_five_deadly_venoms,
          chequers_serial_rivers_large_b, nicolae_elemental_shop

Skill      XL: |  1 |
---------------+----+-----
Fighting       | 3 |  3.2
Short Blades   | 2 |  2.4
Dodging        | 2 |  2.4
Stealth        | |  4.9

Action                     || total
---------------------------++-------
  Melee: Short sword       ||    17
  Evoke: Wand              ||     7
    Use: Scroll            ||     2
         Potion            ||     1
   Stab: Sleeping          ||     1
 Armour: Leather armour    ||    10
  Dodge: Dodged            ||    14

Table legend: (Time is in decaauts)
 A = Elapsed time spent in this place.
 B = Non-inter-level travel time spent in this place.
 C = Inter-level travel time spent in this place.
 D = Time resting spent in this place.
 E = Time spent auto-exploring this place.
 F = Levels seen in this place.
 G = Mean time per level.
                   A        B        C        D        E       F      G
               +--------+--------+--------+--------+--------+-----+--------+
         Total |    180 |    180 |      0 |     31 |     35 |   3 |   60.0 |
       Dungeon |    180 |    180 |      0 |     31 |     35 |   3 |   60.0 |
               +--------+--------+--------+--------+--------+-----+--------+

Top non-repeatable levels by time:
     D:4: 102 daAuts
     D:5: 56 daAuts
     D:6: 21 daAuts
